cohdb
Replays
Latest Replays
All Replays
Popular Replays
Top Player Replays
Match Explorer
How It Works
Community
CoH3 Stats
Reddit
Sign in to upload your games and track your stats! →
Sign in with Steam
Match 41256307
Unlisted
Match 41256307
Overview
Messages
Build Orders
End
Construct Section Command Post
Infantry Section
Infantry Section
Infantry Section
Construct Platoon Command Post
Selects Indian Artillery Battlegroup
Selects Towed ML 4.2-inch Heavy Mortar
Grenade Package
6-pounder Anti-tank Gun Team
Tizmitce
THE one-冰封夕阳
MiniMarko
H404.CatfishLover
水银灯
Mr.Faraam
qazxsw
罗德哈特
0
0
Comments
sign in to comment!
No comments posted yet!